 Dungeon Crawl Stone Soup version 0.26-a0-668-gd58323b419 (webtiles) character file.

Game seed: 4863918606907652316

1125 jasper the Cruncher (level 8, 0/56 HPs)
             Began as a Human Gladiator on Oct 18, 2020.
             Was an Initiate of Gozag.
             Slain by an orc warrior
             ... wielding a +1 short sword of speed
              (13 damage)
             ... on level 6 of the Dungeon.
             The game lasted 00:10:43 (6838 turns).

jasper the Cruncher (Human Gladiator)               Turns: 6838, Time: 00:10:43

Health: 0/56       AC:  8    Str: 14    XL:     8   Next: 61%
Magic:  8/8        EV: 10    Int: 10    God:    Gozag
Gold:   268        SH:  0    Dex: 16    Spells: 7/7 levels left

rFire    . . .     SeeInvis .   a - +0 quarterstaff
rCold    . . .     Faith    .   (shield currently unavailable)
rNeg     . . .     Spirit   .   C - +0 scale mail
rPois    .         Reflect  .   c - +0 helmet
rElec    .         Harm     .   (no cloak)
rCorr    .         Rampage  .   o - +0 pair of gloves
MR       .....                  (no boots)
Stlth    ..........             (no amulet)
HPRegen  0.18/turn              (no ring)
MPRegen  0.11/turn              (no ring)

@: hasted, very quick
A: no striking features
a: Potion Petition, Call Merchant, Bribe Branch, Renounce Religion


You were on level 6 of the Dungeon.
You worshipped Gozag.
Gozag was aware of your devotion.
You visited 2 branches of the dungeon, and saw 8 of its levels.

You collected 361 gold pieces.
You paid 93 gold pieces to Gozag.

Inventory:

Hand Weapons
 a - a +0 quarterstaff (weapon)
 b - a +2 hunting sling of freezing
 w - a +0 hunting sling
Missiles
 h - 127 stones (quivered)
Armour
 c - a +0 helmet (worn)
 o - a +0 pair of gloves (worn)
 q - a +0 leather armour
 C - a +0 scale mail (worn)
Jewellery
 m - an uncursed amulet of the acrobat
Scrolls
 d - a scroll of blinking
 e - 2 scrolls of remove curse
 l - a scroll of fog
 p - 5 scrolls of teleportation {unknown}
 s - 3 scrolls of enchant armour {unknown}
 v - 2 scrolls of enchant weapon {unknown}
 x - a scroll of random uselessness {unknown}
 y - a scroll of amnesia {unknown}
Potions
 f - a potion of lignification
 g - 3 potions of mutation
 i - a potion of ambrosia
 j - a potion of degeneration
 n - a potion of haste
 r - a potion of magic {unknown}
 t - 2 potions of flight {unknown}
 u - 2 potions of resistance {unknown}
 z - a potion of berserk rage {unknown}
 A - a potion of curing {unknown}
 B - a potion of might {unknown}


   Skills:
 - Level 2.0 Fighting
 + Level 10.1 Staves
 - Level 2.0 Throwing
 - Level 3.0 Dodging


You had 7 spell levels left.
You didn't know any spells.
Your spell library was empty.

Dungeon Overview and Level Annotations

Branches:
Dungeon (7/15)             Temple (1/1) D:4

Altars:
Cheibriados
Dithmenos
Elyvilon
Gozag
Hepliaklqana
Makhleb
Nemelex Xobeh
Qazlal
Ru
Sif Muna
Trog
Uskayaw
Vehumet
Wu Jian
Xom
The Shining One

Annotations:
D:5 Eustachio


Message History

Your scale mail prevents you from hitting the orc warrior.
The orc warrior is heavily wounded.
The orc warrior hits you with a +1 short sword of speed.
You take 4 damage, and have 22/56 hp.
You hit the orc warrior but do no damage.
The orc warrior is heavily wounded.
The orc warrior hits you with a +1 short sword of speed.
You take 5 damage, and have 17/56 hp.
You hit the orc warrior.
The orc warrior is severely wounded.
The orc warrior hits you with a +1 short sword of speed.
* * * LOW HITPOINT WARNING * * *
You take 4 damage, and have 13/56 hp.
You hit the orc warrior.
The orc warrior is severely wounded.
The orc warrior barely misses you.
You feel yourself speed up.
The orc warrior hits you with a +1 short sword of speed!
You die...
Your body crumbles into a pile of gold.

### ####..## # #.#####......#
###............## ############
#{#.#...........####..........##
#{###.###...##...##.#...##...#.##
#{{{###{##.##....#...#..##..#...#
##{{#{#{##......##....#....#....#
#{#{#{{{{#...#..o......#..#.....#
#{#{#{{{{#...###@...##..##..##..#
#{#{{###{#..##.#....##..##..##.##
#{##{# #{##............#..#....#
#{##{# #{{##..........#....#...##
#{##{# #{{{#.........#..##..#...#
#{##{###{{{#........#...##...#..#
#{{####{{#{#...#####..........#..
#{{#.##{{#{#...# #......###...##
#{{#.#{{#####.## ##......######


You could see an orc warrior.

Vanquished Creatures
  A necrophage (D:5)
  2 centaurs
  Blork the orc (D:6)
  2 bullfrogs (D:6)
  A scorpion (D:6)
  A bullfrog zombie (D:6)
  A quasit (D:6)
  A gnoll shaman (D:4)
  3 bullfrog skeletons
  An orc priest (D:7)
  A jelly (D:6)
  3 orc wizards
  2 worker ants (D:6)
  A howler monkey zombie (D:6)
  A worker ant zombie (D:6)
  4 gnolls (D:4)
  11 adders
  2 howler monkey skeletons
  2 worms (D:2)
  A dart slug (D:2)
  4 leopard geckos
  12 orcs
  2 ball pythons
  3 giant cockroaches
  10 goblins
  5 hobgoblins
  3 jackals (D:1)
  A quokka (D:3)
  3 bats
  2 frilled lizards
  4 kobolds
  3 rats
94 creatures vanquished.

Vanquished Creatures (others)
  An orc wizard (D:4)
1 creature vanquished.

Grand Total: 95 creatures vanquished

Notes
Turn   | Place    | Note
-------+----------+-------------------------------------------
     0 | D:1      | jasper the Human Gladiator began the quest for the Orb.
     0 | D:1      | Reached XP level 1. HP: 16/16 MP: 1/1
   416 | D:1      | Reached XP level 2. HP: 17/22 MP: 2/2
  1132 | D:2      | Reached skill level 4 in Staves
  1132 | D:2      | Reached XP level 3. HP: 21/27 MP: 3/3
  1551 | D:2      | Reached XP level 4. HP: 33/33 MP: 4/4
  1634 | D:2      | Found a sparkling altar of Nemelex Xobeh.
  1910 | D:2      | Reached skill level 5 in Staves
  2412 | D:3      | Reached XP level 5. HP: 33/38 MP: 5/5
  2926 | D:3      | Found a glowing golden altar of the Shining One.
  3353 | D:4      | Found a staircase to the Ecumenical Temple.
  3362 | Temple   | Entered the Ecumenical Temple
  3559 | Temple   | Reached skill level 6 in Staves
  3775 | D:4      | Reached XP level 6. HP: 30/44 MP: 6/6
  4572 | D:4      | Reached skill level 7 in Staves
  4691 | D:5      | Entered Level 5 of the Dungeon
  4746 | D:5      | Found a shadowy altar of Dithmenos.
  4826 | D:5      | Noticed a necrophage
  4850 | D:5      | Killed a necrophage
  4850 | D:5      | Reached XP level 7. HP: 50/50 MP: 7/7
  4876 | D:5      | Noticed Eustachio
  4950 | D:6      | Reached skill level 8 in Staves
  5289 | D:6      | Noticed Blork the orc
  5308 | D:6      | Killed Blork the orc
  5412 | D:6      | Found a hazy altar of Hepliaklqana.
  5415 | D:6      | Found a sacrificial altar of Ru.
  5500 | D:6      | Found an opulent altar of Gozag.
  5519 | D:6      | Reached XP level 8. HP: 53/56 MP: 8/8
  5522 | D:6      | Became a worshipper of Gozag Ym Sagoz the Greedy
  5559 | D:6      | Reached skill level 9 in Staves
  6201 | D:6      | Found a glowing golden altar of the Shining One.
  6737 | D:7      | Noticed a troll
  6773 | D:6      | Reached skill level 10 in Staves
  6838 | D:6      | Slain by an orc warrior

Illustrated notes

Levels and vault maps discovered:
D:1:      co_arrival_random_square_maze, layout_basic
D:2:      layout_basic, nemelex_xobeh_ov_fountains_minmay
D:3:      layout_basic, tso_oasis_becter
D:4:      layout_basic, minmay_temple_entry_statues_fountains
D:5:      layout_basic, kennysheep_mini_moat, tgw_fedhas, uniq_eustachio
D:6:      layout_cave_pools, lemuel_crystal_altar,
          chequers_temple_overflow_statue_of_worship, minivault_25,
          chequers_serial_rivers_large_b, minivault_26, st_stairs_9,
          nicolae_tso_carved_into_rock, uniq_blork_the_orc
D:7:      layout_cave_pools, kennysheep_mini, lemuel_doored_altar, uniq_joseph
Temple:   chequers_temple_sunken

Skill      XL: |  1  2  3  4  5  6  7  8 |
---------------+-------------------------+-----
Staves         | 4 5 6 7 8 10 | 10.1
Fighting       | |  2.0
Throwing       | |  2.0
Dodging        | |  3.0

Action                   |  1- 3 |  4- 6 |  7- 9 || total
-------------------------+-------+-------+-------++-------
Melee: Quarterstaff      |    67 |   133 |    99 ||   299
 Fire: Hunting sling     |       |    57 |    59 ||   116
Throw: Stone             |    34 |    55 |     1 ||    90
       Throwing net      |     3 |     1 |       ||     4
Evoke: Wand              |       |     4 |     4 ||     8
  Use: Scroll            |       |     1 |     7 ||     8
       Potion            |       |       |     1 ||     1
 Stab: Held in net/web   |     1 |     1 |       ||     2
       Paralysed         |       |     8 |       ||     8
Armor: Leather armour    |    13 |    13 |    16 ||    42
       Scale mail        |       |       |    18 ||    18
Dodge: Dodged            |    54 |    85 |    65 ||   204

Table legend: (Time is in decaauts)
 A = Elapsed time spent in this place.
 B = Non-inter-level travel time spent in this place.
 C = Inter-level travel time spent in this place.
 D = Time resting spent in this place.
 E = Time spent auto-exploring this place.
 F = Levels seen in this place.
 G = Mean time per level.
                   A        B        C        D        E       F      G
               +--------+--------+--------+--------+--------+-----+--------+
         Total |   6893 |   6727 |    166 |   1219 |   4487 |   8 |  861.6 |
       Dungeon |   6641 |   6480 |    161 |   1219 |   4292 |   7 |  948.7 |
        Temple |    252 |    247 |      5 |      0 |    195 |   1 |  252.0 |
               +--------+--------+--------+--------+--------+-----+--------+

Top non-repeatable levels by time:
     D:6: 1871 daAuts
     D:4: 1248 daAuts
     D:2: 1203 daAuts
     D:1: 1171 daAuts
     D:3: 871 daAuts
  Temple: 252 daAuts
     D:5: 240 daAuts
     D:7: 34 daAuts
